 Dungeon Crawl Stone Soup version 0.17.0-23-g0de4337 (webtiles) character file.

36 kosy22 the Ducker (level 3, -1/36 HPs)
             Began as a Troll Fighter on Nov 13, 2015.
             Was an Initiate of Elyvilon.
             Slain by a kobold
             ... wielding a +0 whip
              (6 damage)
             ... on level 2 of the Dungeon.
             The game lasted 00:02:10 (670 turns).

kosy22 the Ducker (Troll Fighter)                    Turns: 670, Time: 00:02:10

Health: -1/36      AC:  5    Str: 25    XL:     3   Next: 19%
Magic:  2/2        EV:  8    Int:  4    God:    Elyvilon [......]
Gold:   23         SH:  9    Dex:  9    Spells: 0 memorised, 2 levels left

rFire  . . .     SeeInvis .       - Unarmed
rCold  . . .     Clarity  .     a - +0 robe
rNeg   . . .     SustAt   .     b - +0 shield
rPois  .         Gourm    +     (helmet restricted)
rElec  .         Spirit   .     (no cloak)
rCorr  .         Warding  .     (gloves unavailable)
rMut   .         Stasis   .     (boots unavailable)
MR     .....                    (no amulet)
Stlth  +.........               (no ring)
                                (no ring)

@: not resistant to hostile enchantments, very unstealthy
A: unfitting armour, claws 3, fast metabolism 3, gourmand, regeneration 2,
shaggy fur 1, tough skin 2
a: Renounce Religion


You were on level 2 of the Dungeon.
You worshipped Elyvilon.
Elyvilon was noncommittal.
You were not hungry.

You visited 1 branch of the dungeon, and saw 2 of its levels.

You collected 23 gold pieces.

Inventory:

Armour
 a - a +0 robe (worn)
 b - a +0 shield (worn)
Scrolls
 e - a scroll of enchant armour {unknown}
 h - a scroll of remove curse {unknown}
Potions
 c - 3 potions of might
 i - 3 potions of curing {unknown}
 j - a potion of heal wounds {unknown}
Comestibles
 d - 2 bread rations
 f - 2 fruits
 g - a meat ration


   Skills:
 + Level 2.7 Fighting
 + Level 2.9 Dodging
 + Level 2.8 Shields
 + Level 2.2 Unarmed Combat


You had 2 spell levels left.
You didn't know any spells.

Dungeon Overview and Level Annotations

Branches:
Dungeon (2/15)

Altars:
Elyvilon


Innate Abilities, Weirdness & Mutations

You are too large for most types of armour.
You have claws for hands.
Your metabolism is lightning-fast.
You like to eat raw meat.
You heal very quickly.
You are covered in fur (AC +1).
You have very tough skin (AC +2).


Message History

You block the bat's attack. The adder bites you.
* * * LOW HITPOINT WARNING * * *
The kobold barely misses you.
You miss the adder. The adder bites you but does no damage.
The bat hits you but does no damage. You block the kobold's attack.
The adder barely misses you. The bat hits you but does no damage.
You scratch the adder.
The adder is lightly wounded.
The bat hits you but does no damage. The adder bites you.
* * * LOW HITPOINT WARNING * * *
The kobold barely misses you.
You barely miss the adder.
The adder is lightly wounded.
The bat hits you but does no damage. You block the bat's attack.
The adder bites you but does no damage. The kobold hits you but does no damage.
You claw the adder!
The adder is severely wounded.
You block the bat's attack. The adder bites you but does no damage.
The kobold hits you with a whip.
You die...

### #. #..#.# ..
...#..#.## .# ..#.....##
# .### . ........ .# ...
..##.....###..## .#
................
.########.#....b#.##.$##
†.........#.....@.......
...######......KS...8...
...# #.....%....8.8..
.[.# ########[.8._.8.
...######### #...8.8..
..........)#####(...8...
##########..............
### #######.####...
..########### #.# ###


You could see an adder, a bat and a kobold.

Vanquished Creatures
  An adder (D:2)
  A worm (D:2)
  2 giant cockroaches
  2 hobgoblins (D:1)
  8 bats (D:1)
  2 giant newts (D:1)
  5 kobolds
21 creatures vanquished.

Notes
Turn   | Place    | Note
--------------------------------------------------------------
     0 | D:1      | kosy22 the Troll Fighter began the quest for the Orb.
     0 | D:1      | Reached XP level 1. HP: 22/22 MP: 0/0
   113 | D:1      | Reached XP level 2. HP: 29/29 MP: 1/1
   576 | D:2      | Found a white marble altar of Elyvilon.
   588 | D:2      | Became a worshipper of Elyvilon the Healer
   637 | D:2      | Found a faded altar to an unknown god.
   656 | D:2      | Reached XP level 3. HP: 27/36 MP: 2/2
   670 | D:2      | Slain by a kobold

Action                   || total
-------------------------++-------
Melee: Unarmed           ||    75
  Eat: Chunk             ||     1
       Meat ration       ||     1
       Fruit             ||     1
